 Dungeon Crawl Stone Soup version 0.25.1-2-g60ff931df9 (webtiles) character file.

Game seed: 14724185040946586530

49 hawla the Slasher (level 3, 0/30 HPs)
             Began as a Minotaur Gladiator on Nov 7, 2020.
             Succumbed to a kobold's poison
             ... on level 3 of the Dungeon.
             The game lasted 00:03:24 (1542 turns).

hawla the Slasher (Minotaur Gladiator)              Turns: 1542, Time: 00:03:25

Health: 0/30       AC:  6    Str: 19    XL:     3   Next: 53%
Magic:  11/11      EV: 13    Int:  5    God:
Gold:   27         SH:  0    Dex: 11    Spells: 2/2 levels left

rFire    . . .     SeeInvis .   a - +0 long sword
rCold    . . .     Gourm    .   (no shield)
rNeg     . . .     Faith    .   b - +0 leather armour
rPois    .         Spirit   .   c - +1 hat
rElec    .         Reflect  .   (no cloak)
rCorr    .         Harm     .   k - +0 pair of gloves
MR       .....                  h - +0 pair of boots
Stlth    +.........             (no amulet)
HPRegen  0.10/turn              i - ring of magical power
MPRegen  0.12/turn              p - ring of wizardry

@: confused, lethally poisoned (0 -> -10)
A: retaliatory headbutt, horns 2
a: no special abilities


You were on level 3 of the Dungeon.
You were not hungry.

You visited 1 branch of the dungeon, and saw 3 of its levels.

You collected 27 gold pieces.

Inventory:

Hand Weapons
 a - a +0 long sword (weapon)
Missiles
 d - 3 throwing nets (quivered)
 e - 4 javelins
 g - 8 boomerangs
Armour
 b - a +0 leather armour (worn)
 c - a +1 hat (worn)
 h - a +0 pair of boots (worn)
 k - a +0 pair of gloves (worn)
Jewellery
 i - a ring of magical power (left hand)
 j - an uncursed ring of wizardry
 p - a ring of wizardry (right hand)
Scrolls
 m - a scroll of remove curse
Potions
 n - a potion of heal wounds
 r - a potion of lignification
Comestibles
 f - 2 rations


   Skills:
 + Level 2.7 Fighting
 + Level 4.4 Long Blades
 + Level 2.1 Throwing
 + Level 1.0 Armour
 * Level 4.0 Dodging


You had 2 spell levels left.
You didn't know any spells.
Your spell library was empty.

Dungeon Overview and Level Annotations

Branches:
Dungeon (3/15)

Altars:
Nemelex Xobeh


Innate Abilities, Weirdness & Mutations

You reflexively headbutt those who attack you in melee.
You have a pair of horns on your head.


Message History

The kobold creates a blast of noxious fumes!
The kobold hits you with a +0 short sword.
You barely miss the kobold.
You are engulfed in noxious fumes.
You choke on the stench!
You are confused.
The kobold closely misses you.
You are too confused!
You feel sick. The kobold closely misses you.
You are engulfed in noxious fumes.
You choke on the stench!
You are more confused.
The kobold throws a poisoned dart.
The poisoned dart hits you!
You are more poisoned.
You see here a poisoned dart.
You feel sick.
The kobold zaps a wand.
The kobold creates a blast of freezing vapour!
The now-empty wand crumbles to dust.
You are engulfed in freezing vapours.
Ouch! That really hurt!
* * * LOW HITPOINT WARNING * * *
You die...

#.####.## ..#......#.#
#.# #..#
..#......#.###.# ##.#
.........#..##.# #.#
..........#..#.# #.#
(.#......§§§....####.##
........§§§##.#.......#
..#....^§§§##.######..#
♣......@§§###..# #..##
P...###K§§§###.#####....
. #.#§§##...........
#..##(#..#.........
#...#⌠.⌠.#####......
#..#..._..# ##.....
#.##.#⌠.⌠... #.....
###.....####.# #.....
...###.# .##.....


You could see a kobold.

Vanquished Creatures
  2 adders (D:2)
  An ooze (D:2)
  2 worms (D:2)
  A leopard gecko (D:1)
  3 goblins
  2 hobgoblins
  5 bats
  3 frilled lizards
  2 kobolds
  A rat (D:1)
22 creatures vanquished.

Notes
Turn   | Place    | Note
-------+----------+-------------------------------------------
     0 | D:1      | hawla the Minotaur Gladiator began the quest for the Orb.
     0 | D:1      | Reached XP level 1. HP: 18/18 MP: 0/0
   283 | D:1      | Reached XP level 2. HP: 25/25 MP: 1/1
  1197 | D:2      | Reached XP level 3. HP: 30/30 MP: 2/2
  1255 | D:2      | Reached skill level 1 in Armour
  1527 | D:3      | Found a sparkling altar of Nemelex Xobeh.
  1542 | D:3      | HP: 1/30 [kobold] (21)]
  1542 | D:3      | Succumbed to a kobold's poison

Illustrated notes

Levels and vault maps discovered:
D:1:      psy_arrival_terrarium, layout_loops_ring
D:2:      layout_basic, first_ration
D:3:      layout_rooms, nicolae_ru_sacrificial_ziggurat,
          overflow_temple_1_default, roderic_lattice_a, serial_park_tiny_2,
          nemelex_xobeh_ov_fountains_minmay

Skill      XL: |  1  2  3 |
---------------+----------+-----
Long Blades    | 4 |  4.4
Dodging        | 4 |  4.0
Armour         | 1 |  1.0
Fighting       | |  2.7
Throwing       | |  2.1

Action                   || total
-------------------------++-------
Melee: Long sword        ||    44
       Headbutt          ||     5
  Use: Scroll            ||     6
 Stab: Sleeping          ||     1
  Eat: Chunk             ||     2
Armor: Leather armour    ||    17
Dodge: Dodged            ||    34
       Rpst.: Long sword ||    11
